AoeStats
← Skooll

Arena

510052943Analyzed
4v4 RM · 2d ago on Sep 29, 2026· 42m 12s· 8 players
Game mode
Random Map
Map size
Large (8 player)
Population
200
Speed
Normal
Resources
Standard
Victory
Conquest
Starting age
Dark Age
Ending age
Imperial Age
RankedLock teamsTeams togetherTeam positionsShared explorationLock speedFull tech treeHidden civsTurbo modeCheats
Victory
Defeat
🇬🇧 Goths · United Kingdom
1030
+11
🇨🇳 Khmer · China
1008
+12
🇺🇸 Franks · United States
987
+13
🇫🇷 Saracens · France
979
+13
🇮🇩 Aztecs · Indonesia
1034
-16
🇹🇷 Persians · Türkiye
944
-13
🇷🇺 Gurjaras · Russia
928
-13
🇮🇩 Franks · Indonesia
773
-7
Etheling
2:38 Loom
11:56 Feudal Age
12:25 Horse Collar
12:37 Gold Mining
12:35 Double-Bit Axe
17:29 Wheelbarrow
21:13 Castle Age
19:47 Forging
19:52 Stone Mining
20:41 Scale Barding Armor
sonsehzadee
10:05 Feudal Age
18:10 Castle Age
15:53 Horse Collar
16:02 Double-Bit Axe
16:11 Gold Mining
16:28 Stone Mining
Picnic
11:21 Feudal Age
13:32 Double-Bit Axe
18:34 Castle Age
18:11 Forging
18:03 Scale Mail Armor
18:00 Gold Mining
18:58 Stone Mining
21:07 Caravan
25:27 Iron Casting
25:36 Gold Shaft Mining
27:23 Wheelbarrow
27:00 Bow Saw
27:55 Arson
28:10 Squires
28:36 Chain Mail Armor
29:54 Hand Cart
34:30 Imperial Age
32:30 Pikeman
36:17 Blast Furnace
35:48 Plate Mail Armor
34:43 Elite Throwing Axeman
35:45 Conscription
mAjiCode
12:28 Feudal Age
13:27 Double-Bit Axe
14:02 Gold Mining
16:16 Castle Age
16:47 Forging
16:38 Scale Mail Armor
17:18 Squires
17:44 Eagle Warrior
22:15 Fervor
24:09 Iron Casting
23:34 Scale Mail Armor
24:11 Sanctity
25:19 Bow Saw
26:12 Arson
27:25 Wheelbarrow
28:32 Hand Cart
28:52 Redemption
28:56 Stone Mining
34:32 Imperial Age
31:50 Loom
34:58 Onager
37:03 Elite Eagle Warrior
38:40 Chain Mail Armor
39:25 Blast Furnace
39:06 Garland Wars
39:07 Conscription
40:01 Plate Mail Armor
NoobPwner
0:28 Loom
10:34 Feudal Age
11:12 Double-Bit Axe
17:46 Castle Age
17:47 Stone Mining
17:40 Horse Collar
20:01 Wheelbarrow
20:07 Stone Shaft Mining
20:35 Forging
20:46 Bow Saw
26:01 Iron Casting
33:16 Imperial Age
30:50 Gold Mining
31:17 Hand Cart
31:50 Masonry
31:22 Treadmill Crane
31:37 Murder Holes
33:18 Anarchy
33:25 Scale Mail Armor
34:42 Chain Mail Armor
35:27 Blast Furnace
34:51 Conscription
34:53 Heavy Plow
35:55 Two-Man Saw
36:02 Architecture
35:53 Ballistics
35:26 Fletching
35:52 Squires
35:15 Elite Huskarl
Skooll
5:36 Loom
11:37 Feudal Age
15:27 Castle Age
16:06 Wheelbarrow
16:38 Double-Bit Axe
18:51 Fletching
20:04 Crossbowman
23:55 Bodkin Arrow
24:01 Padded Archer Armor
26:02 Leather Archer Armor
34:03 Horse Collar
34:24 Gold Mining
34:48 Bow Saw
34:45 Heavy Plow
39:15 Imperial Age
36:35 Town Watch
40:36 Bracer
41:07 Ring Archer Armor
40:04 Arbalester
40:51 Thumb Ring
40:58 Thumb Ring
aegilello
2:30 Loom
11:27 Feudal Age
16:36 Castle Age
16:41 Scale Barding Armor
18:33 Wheelbarrow
28:34 Double-Bit Axe
32:13 Imperial Age
31:30 Hand Cart
31:01 Town Watch
31:10 Gold Mining
31:11 Stone Mining
33:41 Cavalier
34:22 Husbandry
37:23 Forging
37:35 Chain Barding Armor
38:11 Paladin
40:32 Murder Holes
40:18 Treadmill Crane
41:00 Ballistics
40:25 Treadmill Crane
42:27 Hoardings
電動遊戯
10:54 Feudal Age
10:37 Loom
16:12 Castle Age
14:46 Horse Collar
15:28 Double-Bit Axe
18:03 Fervor
18:10 Bow Saw
25:19 Stone Mining
26:21 Husbandry
28:05 Wheelbarrow
27:52 Bloodlines
28:05 Gold Mining
28:51 Stone Shaft Mining
29:10 Heavy Plow
30:06 Gold Shaft Mining
30:16 Hand Cart
30:13 Fletching
30:29 Scale Barding Armor
30:06 Light Cavalry
31:10 Forging
34:42 Imperial Age
32:22 Scale Mail Armor
33:01 Town Watch
33:57 Iron Casting
33:42 Chain Barding Armor
34:11 Bodkin Arrow
34:19 Town Patrol
35:59 Conscription
36:17 Plate Barding Armor
36:42 Blast Furnace
35:03 Hussar
35:51 Double Crossbow
36:15 Chain Mail Armor
36:25 Ballistics
36:16 Fortified Wall
36:08 Elite Ballista Elephant
37:34 Siege Engineers
38:15 Bracer
39:17 Chemistry
38:13 Murder Holes
38:29 Masonry
38:01 Capped Ram
39:24 Crop Rotation
40:00 Siege Ram
42:54 Hoardings
Connection lost

Rejoining the realm…

Still unreachable

The connection could not be restored.

Session expired

The server has moved on; the page needs a fresh start.